 Dungeon Sprint DCSS version 0.27.1-34-g3ba077fa99 (webtiles) character file.

Game seed: 770211619980823289

6141 boopmooplesden the Tortoise (level 10, -3/103 HPs)
             Began as a Minotaur Fighter on Jan 7, 2022.
             Was a Priest of Okawaru.
             Killed from afar by a storm dragon (14 damage)
             ... with a bolt of lightning
             ... in the Dungeon (Sprint II: "The Violet Keep of Menkaure").
             The game lasted 00:07:35 (2902 turns).

boopmooplesden the Tortoise (Minotaur Fighter)      Turns: 2902, Time: 00:07:35

Health: -3/103     AC: 25    Str: 23    XL:     10   Next: 59%
Magic:  10/10      EV:  6    Int:  5    God:    Okawaru [***...]
Gold:   269        SH: 15    Dex: 11    Spells: 9/9 levels left

rFire    + . .     SeeInvis .   a - +1 long sword
rCold    + . .     Faith    .   c - +1 kite shield
rNeg     . . .     Spirit   .   f - +0 gold dragon scales
rPois    +         Reflect  .   (helmet restricted)
rElec    .         Harm     .   l - +0 cloak
rCorr    .         Rampage  .   p - +2 pair of gloves
Will     .....     NoTele   +   (no boots)
Stlth    ..........             (no amulet)
HPRegen  0.27/turn              (no ring)
MPRegen  0.12/turn              (no ring)

@: no status effects
A: horns 2, retaliatory headbutt, no potion heal 1
a: Renounce Religion, Heroism


You were in the Dungeon.
You worshipped Okawaru.
Okawaru was most pleased with you.
You visited 1 branch You collected 1159 gold pieces.
You spent 890 gold pieces at shops.

Inventory:

Hand Weapons
 a - a +1 long sword (weapon)
Armour
 c - a +1 kite shield (worn)
 d - the +10 plate armour "Laxistrao" {rN+ rCorr Str+4}
   (You bought it in a shop in the Dungeon)

   Str:       It affects your strength (+4).
   rN:        It protects you from negative energy.
   rCorr:     It protects you from acid and corrosion.
 f - +0 gold dragon scales (worn)
 l - a +0 cloak (worn)
 p - a +2 pair of gloves (worn)
Jewellery
 r - a ring of see invisible
Scrolls
 j - a scroll of blinking
 m - a scroll of identify
Potions
 b - a potion of experience {unknown}
 e - 4 potions of curing
 h - 5 potions of magic
 i - 2 potions of flight
 o - 2 potions of resistance
 u - 5 potions of mutation
 w - a potion of lignification


   Skills:
 + Level 14.0 Fighting
 + Level 14.9 Long Blades
 + Level 15.5 Armour
 + Level 3.0 Dodging
 + Level 1.4 Stealth
 + Level 14.8 Shields
 + Level 1.5 Invocations


You had 9 spell levels left.
You didn't know any spells.
Your spell library contained the following spells:

 Spells                   Type           Power      Damage    Failure   Level
 Portal Projectile        Hex/Tloc       0%         N/A       100%        3
 Blade Hands              Tmut           0%         N/A       100%        5
 Excruciating Wounds      Necr           0%         N/A       100%        5


Dungeon Overview and Level Annotations

Branches:
Dungeon (1/1)

Altars:
Cheibriados
Dithmenos
Elyvilon
Fedhas
Gozag
Hepliaklqana
Kikubaaqudgha
Makhleb
Nemelex Xobeh
Okawaru
Qazlal
Ru
Sif Muna
Trog
Uskayaw
Vehumet
Wu Jian
Xom
Yredelemnul
Zin
The Shining One
Beogh
Jiyva
Lugonu

Shops:
D [=:=!?:=(*![?!![=!:

Annotations:
D exclusions: obsidian statue and oklob plant


Innate Abilities, Weirdness & Mutations

You have a pair of horns on your head.
You reflexively headbutt those who attack you in melee.
Potions are less effective at restoring your health.


Message History

The storm dragon is lightly wounded.
You hit the storm dragon but do no damage.
The storm dragon is lightly wounded.
You block the storm dragon's attack. x2
The storm dragon tramples you but does no damage.
You barely miss the storm dragon.
The storm dragon is lightly wounded.
The storm dragon breathes lightning at you.
The bolt of lightning hits you!!
You hit the storm dragon but do no damage.
The storm dragon is lightly wounded.
The storm dragon breathes lightning at you.
The bolt of lightning hits you.
You hit the storm dragon.
The storm dragon is lightly wounded.
The storm dragon bites you but does no damage.
The storm dragon claws you but does no damage.
The storm dragon tramples you.
You stumble backwards!
You slash the storm dragon!
The storm dragon is moderately wounded.
The storm dragon breathes lightning at you.
The bolt of lightning hits you!!
* * * LOW HITPOINT WARNING * * *
You hit the storm dragon but do no damage.
The storm dragon is moderately wounded.
You hit the storm dragon.
The storm dragon is moderately wounded.
You block the storm dragon's attack. x2; The storm dragon barely misses you.
Your gold dragon scales prevents you from hitting the storm dragon.
The storm dragon is moderately wounded.
You feel like a meek peon again.
The storm dragon bites you but does no damage.
The storm dragon claws you.
* * * LOW HITPOINT WARNING * * *
You block the storm dragon's attack.
There is an open door, spattered with blood here.
Really walk into a travel-excluded area?
The storm dragon breathes lightning at you.
The bolt of lightning hits you!
You die...

****** *********############
*,,,,* ****
,,,,,,+,,#∩∩∩.∩'D'..#**,,,,***,,,
,,,,,,*,,#######@####,,,,,,,,*,,,
+******+**,,####+####,,,,,,,,*,,,
∩∩∩∩∩∩*,,+,##≈≈°≈≈°○##⌠,,,,*+***,
∩∩∩∩∩∩*,,*##○≈○≈°≈≈○≈##,,,,*,,*▓▓
********,,+≈≈°°≈.○°≈○○#*++**,,,+.
,,,**,,,**##≈○○≈°○°≈°##≈,,^***,#.
,,,,*,,,,,≈##≈○≈≈≈≈≈##,≈,,,,,**#.
##########≈≈#+++#''°##***,,,,*,*#
#########≈≈≈....!....#,,+,^,,*,,#


You could see a storm dragon (catching breath).

Vanquished Creatures
  A golden dragon (D)
  A merfolk siren (D)
  An ice statue (D)
  A yaktaur (D)
  3 polar bears (D)
  A hornet (D)
  A blink frog (D)
  4 neqoxecs (D)
  Menkaure (D)
  3 water moccasins (D)
  4 necrophages (D)
  3 worms (D)
  4 tentacles (D)
28 creatures vanquished.

Vanquished Creatures (others)
  A water moccasin (D)
  46 tentacles (D)
47 creatures vanquished.

Grand Total: 75 creatures vanquished

Notes
Turn   | Place    | Note
-------+----------+-------------------------------------------
     0 | D        | boopmooplesden the Minotaur Fighter began the quest for the
                  | Orb.
     0 | D        | Reached XP level 1. HP: 19/19 MP: 0/0
     1 | D        | Noticed a merfolk siren
     6 | D        | Killed a merfolk siren
     6 | D        | Killed a water moccasin
     7 | D        | Reached skill level 9 in Armour
     7 | D        | Reached XP level 2. HP: 16/37 MP: 1/1
     7 | D        | Reached XP level 3. HP: 18/42 MP: 2/2
     7 | D        | Reached XP level 4. HP: 22/50 MP: 3/3
     7 | D        | Reached XP level 5. HP: 25/57 MP: 4/4
     7 | D        | Reached XP level 6. HP: 28/63 MP: 5/5
   219 | D        | Reached skill level 10 in Armour
   221 | D        | Reached skill level 10 in Fighting
   221 | D        | Reached XP level 7. HP: 72/72 MP: 6/6
   225 | D        | Reached skill level 10 in Shields
   238 | D        | Noticed a neqoxec
   242 | D        | Noticed a neqoxec
   246 | D        | Killed a neqoxec
   247 | D        | Reached skill level 11 in Armour
   252 | D        | Killed a neqoxec
   256 | D        | Found Ucang's Distillery.
   256 | D        | Found Dankaed's Magic Scroll Shop.
   256 | D        | Found Odghaz's Antique Weapon Boutique.
   256 | D        | Found Hucviud's Distillery.
   256 | D        | Found Deduyhep's General Store.
   256 | D        | Found Qixtited's Antique Armour Boutique.
   258 | D        | Found Nuomisis's Jewellery Boutique.
   258 | D        | Found Iduoj's Book Shop.
   258 | D        | Found Uzoty's Distillery.
   258 | D        | Noticed a neqoxec
   258 | D        | Noticed a neqoxec
   274 | D        | Noticed Menkaure
   280 | D        | Killed a neqoxec
   281 | D        | Reached skill level 10 in Long Blades
   281 | D        | Reached XP level 8. HP: 41/82 MP: 7/7
   282 | D        | Killed Menkaure
   285 | D        | Gained mutation: Potions are less effective at restoring
                  | your health. [a neqoxec]
   321 | D        | Found Povverch's Magic Scroll Shop.
   321 | D        | Found Coloexty's Distillery.
   321 | D        | Noticed a cane toad
   321 | D        | Noticed a cane toad
   322 | D        | Found Oci Zuek's Jewellery Boutique.
   322 | D        | Noticed an oklob plant
   323 | D        | Found Orahen's Jewellery Shop.
   323 | D        | Found Hofeegruse's Book Shoppe.
   323 | D        | Found Ejaneep's Antique Armour Boutique.
   324 | D        | Noticed an iron elemental
   328 | D        | Noticed a manticore
   334 | D        | Bought a warped plate armour for 728 gold pieces
   334 | D        | Identified the +10 plate armour "Laxistrao" {rN+ rCorr
                  | Str+4} (You bought it in a shop in the Dungeon)
   531 | D        | Bought a pair of gloves for 81 gold pieces
   531 | D        | Bought a cloak for 81 gold pieces
   551 | D        | Noticed a blink frog
   573 | D        | Killed a blink frog
   574 | D        | Reached skill level 12 in Armour
   613 | D        | Found an opulent altar of Gozag.
   614 | D        | Found a blossoming altar of Fedhas.
   615 | D        | Found a white marble altar of Elyvilon.
   615 | D        | Found a burning altar of Makhleb.
   615 | D        | Found a sparkling altar of Nemelex Xobeh.
   616 | D        | Found a shadowy altar of Dithmenos.
   616 | D        | Found a corrupted altar of Lugonu.
   616 | D        | Found a hide-covered altar of Uskayaw.
   617 | D        | Found a snail-covered altar of Cheibriados.
   617 | D        | Found an ancient bone altar of Kikubaaqudgha.
   617 | D        | Found a bloodstained altar of Trog.
   618 | D        | Found a viscous altar of Jiyva.
   618 | D        | Found a shimmering blue altar of Sif Muna.
   618 | D        | Found a basalt altar of Yredelemnul.
   619 | D        | Found a hazy altar of Hepliaklqana.
   619 | D        | Found a sacrificial altar of Ru.
   620 | D        | Found a shimmering altar of Xom.
   621 | D        | Found a stormy altar of Qazlal.
   621 | D        | Found an ornate altar of the Wu Jian Council.
   621 | D        | Found a glowing golden altar of the Shining One.
   621 | D        | Noticed a hornet
   621 | D        | Noticed a polar bear
   621 | D        | Noticed a polar bear
   622 | D        | Found an iron altar of Okawaru.
   622 | D        | Found a radiant altar of Vehumet.
   622 | D        | Found a glowing silver altar of Zin.
   622 | D        | Noticed a yaktaur
   623 | D        | Noticed a polar bear
   628 | D        | Noticed an obsidian statue
   631 | D        | Became a worshipper of Warmaster Okawaru
   641 | D        | Killed a polar bear
   642 | D        | Reached skill level 1 in Dodging
   642 | D        | Killed a polar bear
   642 | D        | Reached * piety under Okawaru
   647 | D        | Killed a polar bear
   648 | D        | Reached XP level 9. HP: 91/91 MP: 8/8
   654 | D        | Killed a yaktaur
   656 | D        | Paralysed by a hornet for 3 turns
   694 | D        | Noticed a kraken
   704 | D        | Reached ** piety under Okawaru
   705 | D        | Reached skill level 13 in Armour
  1606 | D        | HP: 4/92 [tentacle[a kraken] (10)]
  2143 | D        | Noticed an ice statue
  2163 | D        | Killed an ice statue
  2385 | D        | Found Tiasaymek's Book Boutique.
  2385 | D        | Found Baed's Distillery.
  2385 | D        | Found Alergh's Jewellery Emporium.
  2385 | D        | Found Jew Vel's Antique Armour Boutique.
  2385 | D        | Noticed a storm dragon
  2387 | D        | Noticed a golden dragon
  2412 | D        | Killed a golden dragon
  2412 | D        | Reached *** piety under Okawaru
  2412 | D        | Reached **** piety under Okawaru
  2413 | D        | Reached skill level 15 in Armour
  2413 | D        | Reached skill level 1 in Stealth
  2413 | D        | Reached skill level 1 in Invocations
  2413 | D        | Reached XP level 10. HP: 8/103 MP: 7/10
  2902 | D        | Killed from afar by a storm dragon

Illustrated notes

Levels and vault maps discovered:
D:        the_violet_keep_of_menkaure [sprint2_stairs_cluster_1,
          sprint2_shoproom, sprint2_temple, sprint2_basic_supplies,
          sprint2_obstacle_4, sprint2_obstacle_3, sprint2_obstacle_2,
          sprint2_obstacle_7, sprint2_obstacle_5, sprint2_timed_cluster_1,
          sprint2_smallroom_cluster_1, sprint2_smallroom_final_cluster_1,
          sprint2_transparent_cluster_1, sprint2_second_timed_cluster_1,
          sprint2_sniper_area_1, sprint2_heavy_combat_area_1,
          sprint2_mutation_trap_area_1, sprint2_forest_area_1,
          sprint2_light_combat_area_1, sprint2_behind_water_1,
          sprint2_near_end_vault_1]

Skill      XL: |  1  2  3  4  5  6  7  8  9 |
---------------+----------------------------+-----
Fighting       | 9 10 11 12 14 | 14.0
Long Blades    | 6 7 10 12 14 | 14.9
Armour         | 9 10 11 12 15 | 15.5
Shields        | 9 11 12 14 | 14.8
Dodging        | 1 3 |  3.0
Stealth        | 1 |  1.4
Invocations    | 1 |  1.5

Action                   |  1- 3 |  4- 6 |  7- 9 | 10-12 || total
-------------------------+-------+-------+-------+-------++-------
Melee: Long sword        |     3 |    17 |   181 |    16 ||   217
       Headbutt          |     1 |     3 |    53 |     1 ||    58
Invok: Heroism           |       |       |     2 |     1 ||     3
  Use: Potion            |     1 |       |     6 |       ||     7
       Scroll            |       |       |     9 |       ||     9
Armor: Scale mail        |       |     5 |     4 |       ||     9
       Plate armour      |       |       |    95 |       ||    95
       Gold dragon scale |       |       |       |     7 ||     7
Dodge: Dodged            |       |     2 |    45 |     6 ||    53
Block: Kite shield       |     1 |     8 |   107 |    10 ||   126
       Rpst.: Long sword |       |     1 |    20 |       ||    21
